 Dungeon Crawl Stone Soup version 0.24.0-123-gd5b16e6ec5 (webtiles) character file.

Game seed: 12592053434218568735, levelgen mode: deterministic

58 Johnny the Digger (level 3, -1/26 HPs)
             Began as a Demigod Earth Elementalist on Feb 1, 2020.
             Shot with a stone by a goblin (2 damage)
             ... on level 2 of the Dungeon.
             The game lasted 00:02:01 (1269 turns).

Johnny the Digger (Demigod Earth Elementalist)      Turns: 1269, Time: 00:02:02

Health: -1/26      AC:  6    Str:  8 (11) XL:     3   Next: 52%
Magic:  9/9        EV: 17    Int: 19 (21) God:
Gold:   92         SH:  0    Dex: 18 (21) Spells: 3/7 levels left

rFire    . . .     SeeInvis .   m - +0 spear
rCold    . . .     Gourm    .   (no shield)
rNeg     . . .     Faith    .   c - +0 robe
rPois    .         Spirit   .   (no helmet)
rElec    .         Reflect  .   (no cloak)
rCorr    +         Harm     .   e - +0 pair of gloves
MR       .....                  i - +2 pair of boots
Stlth    +++.......             (no amulet)
HPRegen  0.08/turn              l - ring of resist corrosion
MPRegen  0.11/turn              (no ring)

@: agile, lethally poisoned (-1 -> -3), very slightly contaminated
A: high mp 1
a: no special abilities


You were on level 2 of the Dungeon.
You were not hungry.

You visited 1 branch of the dungeon, and saw 2 of its levels.

You collected 92 gold pieces.

Inventory:

Hand Weapons
 m - a +0 spear (weapon)
Armour
 c - a +0 robe (worn)
 e - a +0 pair of gloves (worn)
 i - a +2 pair of boots (worn)
Jewellery
 l - a ring of resist corrosion (left hand)
Scrolls
 a - 2 scrolls of amnesia {unknown}
 j - a scroll of identify {unknown}
Potions
 f - a potion of curing {unknown}
 h - a potion of magic
Comestibles
 d - 2 rations


   Skills:
 - Level 1.7 Dodging
 - Level 1.7 Stealth
 + Level 2.7 Spellcasting
   Level 0.8 Transmutations
 + Level 3.6 Earth Magic


You had 3 spell levels left.
You knew the following spells:

 Your Spells              Type           Power        Failure   Level  Hunger
a - Sandblast             Erth           ###...       3%          1    None
b - Stone Arrow           Conj/Erth      #.....       22%         3    ###....

Your spell library contained the following spells:

 Spells                   Type           Power        Failure   Level  Hunger
 Passwall                 Tmut/Erth      ##......     10%         2    ##.....
 Petrify                  Tmut/Erth      ##......     52%         4    ####...
 Lee's Rapid Deconstruct  Erth           ###.......   69%         5    ######.


Dungeon Overview and Level Annotations

Branches:
Dungeon (2/15)


Innate Abilities, Weirdness & Mutations

You have an increased reservoir of magic. (+10% MP)


Message History

You don't have enough magic to cast that spell.
Unknown command.
* * * LOW HITPOINT WARNING * * *
You feel sick.
The goblin unwields a +0 dagger.
The goblin wields a +0 hunting sling.
The goblin shoots a stone.
The stone barely misses you.
Casting: Sandblast (safe; 3% risk of failure)
Confirm with . or Enter, or press ? or * to list all spells.
You don't have enough magic to cast that spell.
Unknown command.
It was a potion of magic.
Magic courses through your body.
The goblin shoots a stone.
The stone hits you but does no damage.
It was a potion of agility.
You feel agile all of a sudden.
The goblin shoots a stone.
The stone closely misses you.
It was a potion of degeneration.
There was something very wrong with that liquid.
You feel weakened.
You feel dopey.
You feel clumsy.
The goblin shoots a stone.
The stone hits you.
You die...

.###.....#.##.# #.# .#
#.....#.##.# #.# .#
#######.##.###.# '#
#........# .# .
####)##### .# ####.###
#.# ##......# #..#
..........#######...####
.....(....@.g..........+
.##.......######(...###
##......# #(#.##
#...#### #........ ###.
#g.###### #. #..# #..#
#... ##.#


You could see a goblin.

Vanquished Creatures
  An adder (D:2)
  3 dart slugs
  2 leopard geckos
  5 giant cockroaches (D:1)
  6 hobgoblins
  2 jackals (D:1)
  6 bats (D:1)
  3 frilled lizards (D:1)
  7 kobolds
  5 rats
40 creatures vanquished.

Notes
Turn   | Place    | Note
-------+----------+-------------------------------------------
     0 | D:1      | Johnny the Demigod Earth Elementalist began the quest for
                  | the Orb.
     0 | D:1      | Reached XP level 1. HP: 14/14 MP: 5/5
    59 | D:1      | Reached skill level 3 in Earth Magic
   211 | D:1      | Reached XP level 2. HP: 19/20 MP: 4/7
   823 | D:1      | Reached XP level 3. HP: 25/26 MP: 7/9
   979 | D:2      | Learned a level 3 spell: Stone Arrow
  1075 | D:2      | Found an opulent altar of Gozag.
  1266 | D:2      | HP: 1/26 [poisoned by an adder]
  1269 | D:2      | Shot with a stone by a goblin

Levels and vault maps discovered:
D:1:      grunt_arrival_crossed_arrows, layout_basic
D:2:      layout_loops_corners, nicolae_gozag_seed_capital, uniq_terence

Skill      XL: |  1 |
---------------+----+-----
Spellcasting   | 2 |  2.7
Earth Magic    | 3 |  3.6
Dodging        | |  1.7
Stealth        | |  1.7
Transmutations | |  0.8

Action                   || total
-------------------------++-------
Melee: Unarmed           ||    40
       Spear             ||    25
 Cast: Sandblast         ||    42
       Stone Arrow       ||     6
  Use: Potion            ||     3
 Stab: Sleeping          ||     2
  Eat: Chunk             ||     2
Armor: Robe              ||    32
Dodge: Dodged            ||    69
